 Dungeon Crawl Stone Soup version 0.18.1-48-g4cf74bf (webtiles) character file.

274 Maize the Chopper (level 6, 0/61 HPs)
             Began as a Minotaur Berserker on Aug 6, 2016.
             Was a Priest of Trog.
             Succumbed to a worker ant's poison
             ... on level 3 of the Dungeon.
             The game lasted 00:08:48 (2318 turns).

Maize the Chopper (Minotaur Berserker)              Turns: 2318, Time: 00:08:49

Health: 0/61       AC:  8    Str: 22    XL:     6   Next: 3%
Magic:  5/5        EV: 10    Int:  4    God:    Trog [***...]
Gold:   121        SH:  2    Dex:  9    Spells: 0 memorised, 5 levels left

rFire  . . .     SeeInvis .     a - +0 hand axe
rCold  . . .     Gourm    .     b - +0 scale mail
rNeg   . . .     Faith    .     o - +0 buckler
rPois  +         Spirit   .     (helmet restricted)
rElec  .         Dismiss  .     (no cloak)
rCorr  .         Reflect  .     k - +0 pair of gloves
SustAt .         Harm     .     (no boots)
MR     .....                    (no amulet)
Stlth  ..........               (no ring)
                                h - ring of poison resistance

@: lethally poisoned (0 -> -5), not resistant to hostile enchantments, extremely
unstealthy
A: retaliatory headbutt, horns 2, clumsy 1, robust 1, slow regeneration 1
a: Berserk, Trog's Hand, Burn Spellbooks, Renounce Religion


You were on level 3 of the Dungeon.
You worshipped Trog.
Trog was most pleased with you.
You were completely stuffed.

You visited 1 branch of the dungeon, and saw 4 of its levels.

You collected 121 gold pieces.

Inventory:

Hand Weapons
 a - a +0 hand axe (weapon)
Armour
 b - a +0 scale mail (worn)
 g - a +0 ring mail
 k - a +0 pair of gloves (worn)
 o - a +0 buckler (worn)
Jewellery
 h - a ring of poison resistance (left hand)
Scrolls
 i - 4 scrolls of identify
 m - a scroll of teleportation
Potions
 e - a potion of haste
Comestibles
 d - a slice of pizza
 f - a beef jerky
 j - a chunk of flesh
 l - a meat ration
 n - 3 fruits


   Skills:
 + Level 5.2 Fighting
 + Level 5.4 Axes
 + Level 4.1 Armour
 + Level 3.6 Dodging


You had 5 spell levels left.
You didn't know any spells.

Dungeon Overview and Level Annotations

Branches:
Dungeon (4/15)
 Temple: D:4-7

Altars:
Dithmenos
Elyvilon
Gozag
Makhleb
Ru
The Shining One


Innate Abilities, Weirdness & Mutations

You reflexively headbutt those who attack you in melee.
You have a pair of horns on your head.
You are clumsy. (Dex -2)
You are robust (+10% HP).
You regenerate slowly when monsters are visible.


Message History

You feel sick.
You finish eating.
That bread ration really hit the spot!
There is a lethal amount of poison in your body!
Eat which item? (? for menu, Esc to quit)
Okay, then.
Put on which piece of jewellery? (? for menu, Esc to quit)
h - a ring of poison resistance (left hand)
* * * LOW HITPOINT WARNING * * *
You feel sick.
You continue eating.
* * * LOW HITPOINT WARNING * * *
You feel sick.
You continue eating.
* * * LOW HITPOINT WARNING * * *
You feel sick.
You finish eating.
That meat ration really hit the spot!
* * * LOW HITPOINT WARNING * * *
You feel sick.
There is a stone staircase leading down, spattered with blood here.
You die...

#.##########..##.##..#####.#####
#.# ##....).........# #.#
##........####### #.#
#.........# #.# #....<...### #.#
##....###...### #.# #....##
#.#...# #.# ##....###..##.####
#.###########..@..##)##....#
#...........).....##.#####.#####
##########..%>.....#.# #......
#..>....#.... #######
#.......##### #..>....#
#.......# #########


There were no monsters in sight!

Vanquished Creatures
  A crimson imp (D:2)
  A centaur skeleton (D:3)
  Jessica (D:2)
  A worker ant (D:3)
  Robin (D:2)
  3 gnolls (D:3)
  4 adders
  3 oozes
  A worm (D:2)
  3 dart slugs
  A giant gecko (D:2)
  An orc (D:3)
  6 bats
  5 giant cockroaches
  9 goblins
  7 hobgoblins
  2 quokkas
  A ball python (D:2)
  3 giant newts
  11 kobolds
  6 rats
71 creatures vanquished.

Notes
Turn   | Place    | Note
--------------------------------------------------------------
     0 | D:1      | Maize the Minotaur Berserker began the quest for the Orb.
     0 | D:1      | Reached XP level 1. HP: 19/19 MP: 0/0
    67 | D:1      | Reached XP level 2. HP: 23/27 MP: 1/1
   900 | D:2      | Reached XP level 3. HP: 30/33 MP: 2/2
   916 | D:2      | Found a faded altar to an unknown god.
   975 | D:2      | Noticed Jessica
   983 | D:2      | Killed Jessica
  1303 | D:2      | Found a shadowy altar of Dithmenos.
  1363 | D:2      | Reached XP level 4. HP: 41/41 MP: 3/3
  1369 | D:2      | Reached ** piety under Trog
  1412 | D:2      | Found a white marble altar of Elyvilon.
  1413 | D:2      | Found an opulent altar of Gozag.
  1486 | D:2      | Found a burning altar of Makhleb.
  1629 | D:2      | Reached skill level 5 in Axes
  1631 | D:2      | Noticed Robin
  1636 | D:2      | Killed Robin
  1636 | D:2      | Reached XP level 5. HP: 47/47 MP: 4/4
  1657 | D:2      | Found a sacrificial altar of Ru.
  1930 | D:3      | Reached skill level 5 in Fighting
  2028 | D:3      | Gained mutation: You are robust (+10% HP). [potion of mutation]
  2028 | D:3      | Gained mutation: You regenerate slowly when monsters are visible. [potion of mutation]
  2028 | D:3      | Gained mutation: You are clumsy. (Dex -2) [potion of mutation]
  2176 | D:3      | Found a glowing golden altar of the Shining One.
  2187 | D:3      | Reached *** piety under Trog
  2305 | D:3      | Reached XP level 6. HP: 12/61 MP: 5/5
  2313 | D:3      | HP: 3/61 [poisoned by a worker ant]
  2315 | D:3      | HP: 1/61 [poisoned by a worker ant]
  2318 | D:3      | Succumbed to a worker ant's poison

Skill      XL: |  1  2  3  4  5 |
---------------+----------------+-----
Axes           | 4 5 |  5.4
Fighting       | 4 5 |  5.2
Armour         | 3 4 |  4.1
Dodging        | 3 |  3.6

Action                   |  1- 3 |  4- 6 || total
-------------------------+-------+-------++-------
Melee: Hand axe          |    60 |   121 ||   181
       Headbutt          |     5 |    23 ||    28
  Use: Scroll            |     4 |     1 ||     5
       Potion            |     1 |     3 ||     4
  Eat: Chunk             |       |     5 ||     5
       Meat ration       |       |     1 ||     1
       Bread ration      |       |     1 ||     1
       Fruit             |       |     1 ||     1
Armor: Ring mail         |    12 |       ||    12
       Scale mail        |       |    60 ||    60
Dodge: Dodged            |    37 |    72 ||   109
Block: Buckler           |       |     3 ||     3
